Oof, lawful male human Knight ----- |...| ########## |..`| ------ ---------- #------# |....# |....| ##+........| #|....|# --------- |...|# ##.....|######|........| #|....|####`#-.......| -----# %# |....| ####--.------- #|....-######|.......| # #* # -|---- # ######`##%###########|....| #........| # # # ##### # ## |....| |.......| # ## # # ## # ### ## #.....| |.......| # # ####* ## # ## # # ###----.- |.......| ##### #* ---.-% ### ### # # # # -------.- #---|---# # |...|# # #### # # #..{....# # ....|## ----------- # ### # |..}..| #|.{..#### |.........%## # ### |.....| |.`.| # |.........| # ## # |}.}..| ----- ####%.........| # # -----|---------- |....<| # |.........| # # |....e@m.......| ------- |.........| # #|+?u.@.????????| ----------- ---------------- Oof the Esquire Experience level: 4 Strength: 16 Dexterity: 8 Constitution: 12 Intelligence: 10 Wisdom: 15 Charisma: 18 Health: 0(38) Energy: 24(24) Def: 7 Gold: 418 Moves: 2074 Dungeon seed: SqKx3CIVNDDLlg9R Game ID: Oof_1597763368 Your Inventory: Coins $ - 418 gold pieces Weapons a - a cursed corroded +1 long sword (weapon in hand) b - a +1 lance i - a +0 elven bow p - a +0 sling Armor e - an uncursed +1 ring mail n - an uncursed +0 helmet (being worn) q - a blessed +0 small shield (being worn) r - a cursed -1 pair of leather gloves (being worn) z - a cursed -1 pair of elven boots (being worn) E - an uncursed +0 scale mail (being worn) Y - an uncursed +0 oilskin cloak (being worn) Comestibles d - 11 uncursed carrots F - an uncursed tripe ration I - 2 uncursed food rations J - an uncursed pancake Spellbooks g - an uncursed spellbook of identify Gems y - 2 uncursed jasper stones H - an uncursed worthless piece of orange glass N - an uncursed topaz stone Spells and supernatural/magical abilities: Name Level Category Fail Memory I - identify 3 divination 100% 92% W - pray for help -- divine ? -- X - turn undead -- divine ? -- Y - supernatural jump -- ability ? -- Your skills at the end: Fighting Skills riding [Basic] Weapon Skills long sword [Basic] lance [Basic] Spellcasting Skills Final Attributes: You were piously aligned. You were stealthy. You could jump. You are dead. Vanquished creatures: a rock mole a giant ant a kitten 2 rabid rats a wererat an acid blob a large kobold 2 giant rats a cave spider a yellow mold a gecko a jackal 3 foxes a kobold a goblin 3 sewer rats 3 grid bugs a bat 2 lichens a kobold zombie 3 newts 32 creatures vanquished. Voluntary challenges: You followed a strict vegan diet. You used a wielded weapon 34 times, starting on turn 31. You read items or engraved 15 times, starting on turn 381. You never genocided any monsters. You never polymorphed an object. You never changed form. You used no wishes. You never split a pudding. You never wrote Elbereth's name. You never violated your personal moral code. Dungeon overview: The Dungeons of Doom: levels 1 to 5 Level 1 a fountain a long staircase Level 2 Level 3 Level 4 a fountain a long staircase Level 5 <- You were here a scroll shop, some fountains History has recorded: On T:1 you entered the Dungeons of Doom to retrieve the Amulet of Yendor! On T:440 you reached level 2 of The Dungeons of Doom. On T:864 you reached level 3 of The Dungeons of Doom. On T:1053 you advanced to experience level 2. On T:1238 you reached level 4 of The Dungeons of Doom. On T:1419 you advanced to experience level 3. On T:1629 you reached level 5 of The Dungeons of Doom. On T:1822 you advanced to experience level 4. Score breakdown: Gold: 418 ( 8919 points) Experience: 4 levels ( 9649 points) Exploration: 5 levels ( 10.42%) ( 8751 points) Discoveries: 6 items ( 2.44%) ( 4685 points) Valuables value: (no points given unless you survive) Artifact value: 0 ( 0 points) Variety of kills: 21 monsters ( 5.51%) ( 7043 points) Turncount: 2074 turns ( -54 points) Survival: died (score multiplied by 80%) Total score: 31194 Latest messages: "For you, esteemed sir; only 67 for this scroll labeled ELBIB YLOH." You have a little trouble lifting K - a scroll labeled ELBIB YLOH (unpaid, 67 zorkmids). Lugnaquillia says that your bill comes to 67 zorkmids. You see here a scroll of teleportation (67 zorkmids). There are a few objects here. You see here a wrinkled spellbook (267 zorkmids). You stop. Your saddled pony is in the way! The saddled pony picks up a scroll of teleportation. The saddled pony hits the floating eye. The saddled pony is frozen by the floating eye's gaze! Wait! That's a small mimic! You miss the small mimic. (6x) The small mimic hits! You miss the small mimic. (2x) You hit the small mimic! The small mimic hits! You bought a scroll labeled ELBIB YLOH for 67 gold pieces. "Thank you for shopping in Lugnaquillia's second-hand bookstore!" As you read the scroll, it disappears. A map coalesces in your mind! You hit the small mimic. The small mimic hits! You die... Lugnaquillia gratefully inherits all your possessions. Final status: Fare thee well Oof the Knight, killed by a small mimic... You died in The Dungeons of Doom on dungeon level 5 with 31194 points, and 418 pieces of gold, after 2074 moves. You were level 4 with a maximum of 38 hit points when you died.